 Dungeon Crawl Stone Soup version 0.19-a0-823-gd955774 (webtiles) character file.

70 Implojin the Chopper (level 4, -3/39 HPs)
             Began as a Minotaur Fighter on June 30, 2016.
             Slain by an iguana (10 damage)
             ... on level 5 of the Dungeon.
             The game lasted 00:02:27 (456 turns).

Implojin the Chopper (Minotaur Fighter)              Turns: 456, Time: 00:02:27

Health: -3/39      AC:  8    Str: 20    XL:     4   Next: 3%
Magic:  3/3        EV:  7    Int:  5    God:
Gold:   25         SH:  9    Dex: 11    Spells: 0 memorised, 3 levels left

rFire  . . .     SeeInvis .     a - +0 war axe
rCold  . . .     Gourm    .     b - +0 scale mail
rNeg   . . .     Faith    .     c - +0 shield
rPois  .         Spirit   .     (helmet restricted)
rElec  .         Dismiss  .     (no cloak)
rCorr  .         Reflect  .     i - +0 pair of gloves
SustAt .         Harm     .     (no boots)
MR     +....                    (no amulet)
Stlth  ..........               (no ring)
                                e - ring of protection from magic

@: somewhat resistant to hostile enchantments, extremely unstealthy
A: retaliatory headbutt, horns 2
a: no special abilities


You were on level 5 of the Dungeon.
You were not hungry.

You visited 1 branch of the dungeon, and saw 5 of its levels.

You collected 25 gold pieces.

Inventory:

Hand Weapons
 a - a +0 war axe (weapon)
Armour
 b - a +0 scale mail (worn)
 c - a +0 shield (worn)
 i - a +0 pair of gloves (worn)
Jewellery
 e - a ring of protection from magic (left hand)
Scrolls
 h - a scroll of identify {unknown}
 n - a scroll of enchant weapon {unknown}
Potions
 d - a potion of might
 j - a potion of haste {unknown}
 k - a potion of brilliance {unknown}
 m - a potion of flight {unknown}
Books
 l - a book of the Sky

   Spells                             Type                      Level
   a - Summon Lightning Spire         Summoning/Air                4
   b - Airstrike                      Air                          4
   c - Silence                        Hexes/Air                    5
   d - Deflect Missiles               Charms/Air                   6
   e - Conjure Ball Lightning         Conjuration/Air              6
   f - Tornado                        Air                          9
Comestibles
 f - a bread ration


   Skills:
 - Level 3.6 Fighting
 * Level 5.2 Axes
 - Level 3.6 Armour
 - Level 3.6 Shields


You had 3 spell levels left.
You didn't know any spells.

Dungeon Overview and Level Annotations

Branches:
Dungeon (5/15)
 Temple: D:4-7

Altars:


Innate Abilities, Weirdness & Mutations

You reflexively headbutt those who attack you in melee.
You have a pair of horns on your head.


Message History

You have reached level 4!
You feel agile.
You feel sick.
You feel sick.
You feel sick.
Okay, then.
You feel sick.
You feel sick.
You feel sick.
You feel sick.
You feel sick.
You feel sick.
You open the door.
You feel sick.
Found 14 gold pieces.
There is an open door here.
You feel sick.
You feel sick.
You feel sick.
You now have 25 gold pieces (gained 14).
You feel sick.
You open the door.
You feel sick.
There is an open door here.
An iguana comes into view.
You feel sick.
The iguana hisses angrily.
A quokka skeleton comes into view.
You open the door.
You feel sick.
You are no longer poisoned.
Found a short sword.
There is an open door here.
You slash the iguana!
The iguana is heavily wounded.
The iguana bites you.
* * * LOW HITPOINT WARNING * * *
Unknown command.
You hit the iguana. Your headbutt misses the iguana.
The iguana is severely wounded.
The iguana barely misses you. The iguana bites you!
You die...

#.............#............
#.............###'#########
#....................#
#....................#
#....................#
#....................#
#.....###.....########
#..... ##l######.. ....l..
#..@....... ...Z...
#......)... .......
#.......... ....
#......##.. #......# .
#.##...# #+ ...# ....


You could see an iguana.

Vanquished Creatures
  A worker ant (D:5)
  A hound skeleton (D:4)
  2 adders
  A dart slug (D:2)
  4 bats
  2 giant cockroaches (D:4)
  2 hobgoblins (D:3)
  2 kobolds (D:2)
  A quokka (D:4)
16 creatures vanquished.

Vanquished Creatures (others)
  A ball python (D:5)
1 creature vanquished.

Grand Total: 17 creatures vanquished

Notes
Turn   | Place    | Note
--------------------------------------------------------------
     0 | D:1      | Implojin the Minotaur Fighter began the quest for the Orb.
     0 | D:1      | Reached XP level 1. HP: 19/19 MP: 0/0
    55 | D:2      | Reached skill level 3 in Axes
    55 | D:2      | Reached XP level 2. HP: 26/26 MP: 1/1
   193 | D:3      | Reached skill level 4 in Axes
   215 | D:4      | Reached XP level 3. HP: 31/31 MP: 2/2
   322 | D:5      | Entered Level 5 of the Dungeon
   416 | D:5      | Reached skill level 5 in Axes
   416 | D:5      | Reached XP level 4. HP: 26/39 MP: 3/3
   456 | D:5      | Slain by an iguana

Vault maps used:
D:1:      minmay_arrival_open_corners
D:2:      uniq_crazy_yiuf_cottage
D:3:      ecumenical_altar_1, minmay_misc_feat_ornament,
          okawaru_altar_gauntlet_db
D:4:      grunt_temple_overflow_open, serial_shops, shop
D:5:      fiery_altar_vehumet, dancing_weapons_uskayaw, first_bread,
          kennysheep_decorative_pillar, minmay_door_square

Skill      XL: |  1  2  3 |
---------------+----------+-----
Axes           | 3 4 5 |  5.2
Fighting       | |  3.6
Armour         | |  3.6
Shields        | |  3.6

Action                   |  1- 3 |  4- 6 || total
-------------------------+-------+-------++-------
Melee: War axe           |    45 |     2 ||    47
       Headbutt          |     9 |       ||     9
  Use: Potion            |     1 |       ||     1
Armor: Scale mail        |    38 |       ||    38
Dodge: Dodged            |    30 |     1 ||    31
Block: Shield            |    41 |       ||    41

Table legend:
 A = Turns spent in this place as a percentage of turns spent in the entire game.
 B = Non-inter-level travel turns spent in this place as a percentage of non-inter-level travel turns spent in the entire game.
 C = Inter-level travel turns spent in this place as a percentage of turns spent in this place.
 D = Turns resting spent in this place as a percentage of non-inter-level travel turns spent in this place.
 E = Turns spent auto-exploring this place as a percentage of non-inter-level travel turns spent in this place.
 F = Non-inter-level travel turns spent in this place divided by the number of levels of this place that you've seen.
                   A       B       C       D       E      F
               +-------+-------+-------+-------+-------+----------------------
         Total | 100.0 | 100.0 |   0.0 |   0.0 |   0.0 |  94.8
       Dungeon | 100.0 | 100.0 |   0.0 |   0.0 |   0.0 |  94.8
               +-------+-------+-------+-------+-------+----------------------

Table legend:
 A = Kills in this place as a percentage of kills in entire the game.
 B = Kills by you in this place as a percentage of kills by you in the entire game.
 C = Kills by friends in this place as a percentage of kills by friends in the entire game.
 D = Other kills in this place as a percentage of other kills in the entire game.
 E = Experience gained in this place as a percentage of experience gained in the entire game.
 F = Experience gained in this place divided by the number of levels of this place that you have seen.
                   A       B       C       D       E      F
               +-------+-------+-------+-------+-------+----------------------
         Total | 100.0 | 100.0 |  -nan |  -nan | 100.0 |  20.0
       Dungeon | 100.0 | 100.0 |  -nan |  -nan | 100.0 |  20.0
               +-------+-------+-------+-------+-------+----------------------
